 Dungeon Crawl Stone Soup version 0.26.1-11-gd32895ea62 (webtiles) character file.

Game seed: 4536781791743954753

149 jlumianski the Caller (level 5, -3/21 HPs)
             Began as a Felid Summoner on June 2, 2021.
             Slain by an adder (4 damage)
             ... on level 4 of the Dungeon.
             The game lasted 00:15:12 (4539 turns).

jlumianski the Caller (Felid Summoner)              Turns: 4539, Time: 00:15:13

Health: -3/21      AC:  1    Str:  4    XL:     5   Next: 9%
Magic:  4/11       EV: 18    Int: 18    God:
Gold:   100        SH:  0    Dex: 16    Spells: 5/11 levels left
                                        Lives:  0   Deaths: 1

rFire    . . .     SeeInvis +   (weapon unavailable)
rCold    . . .     Faith    .   (shield unavailable)
rNeg     . . .     Spirit   .   (armour unavailable)
rPois    .         Reflect  .   (helmet unavailable)
rElec    .         Harm     .   (cloak unavailable)
rCorr    .         Rampage  .   (gloves unavailable)
Will     .....                  (boots unavailable)
Stlth    +++.......             (no amulet)
HPRegen  0.07/turn              (no ring)
MPRegen  0.12/turn              (no ring)

@: quick
A: very small, no armour, no weapons or thrown items, stealth, claws 1, fangs 3,
see invisible, speed 1, shaggy fur 1, sharp paws
a: no special abilities


You were on level 4 of the Dungeon.
You visited 1 branch of the dungeon, and saw 4 of its levels.

You collected 100 gold pieces.

Inventory:

Jewellery
 s - an uncursed ring of wizardry {unknown}
Scrolls
 c - a scroll of noise {unknown}
 d - 6 scrolls of teleportation
 e - a scroll of amnesia {unknown}
 h - a scroll of remove curse {unknown}
 i - a scroll of fog {unknown}
 j - a scroll of enchant armour {unknown}
 k - 3 scrolls of identify {unknown}
 m - 2 scrolls of immolation {unknown}
 n - 4 scrolls of magic mapping {unknown}
 q - a scroll of blinking {unknown}
 r - a scroll of enchant weapon {unknown}
Potions
 a - 2 potions of might
 b - a potion of ambrosia {unknown}
 f - a potion of heal wounds {unknown}
 g - a potion of curing
 l - a potion of attraction {unknown}
 o - 2 potions of lignification {unknown}
 p - a potion of magic {unknown}


   Skills:
 + Level 2.8 Dodging
 + Level 4.0 Stealth
 + Level 0.7 Unarmed Combat
 + Level 3.6 Spellcasting
 + Level 5.5 Summonings


You had 5 spell levels left.
You knew the following spells:

 Your Spells              Type           Power        Failure   Level
a - Summon Small Mammal   Summ           92%          1%          1
b - Call Imp              Summ           23%          2%          2
c - Call Canine Familiar  Summ           23%          4%          3

Your spell library contained the following spells:

 Spells                   Type           Power        Failure   Level
 Summon Guardian Golem    Hex/Summ       13%          14%         3
 Summon Ice Beast         Ice/Summ       13%          43%         4
 Summon Lightning Spire   Summ/Air       13%          43%         4


Dungeon Overview and Level Annotations

Branches:
Dungeon (4/15)
 Temple: D:4-7

Altars:
Cheibriados
Dithmenos
Nemelex Xobeh
Okawaru
Ru
Wu Jian
Xom
Yredelemnul

Annotations:
D:4 Dowan, Duvessa


Innate Abilities, Weirdness & Mutations

You cannot wear armour.
You are incapable of wielding weapons or throwing items.
Your paws allow you to move quietly. (Stealth)
You have sharp claws.
You have razor-sharp teeth.
You have supernaturally acute eyesight. (SInv)
You cover ground quickly.
You are covered in fur. (AC +1)
Your sharp claws are effective at attacking unaware monsters.


Message History

Your hound bites Duvessa but does no damage.
Your hound bites Duvessa.
You see here a scroll labelled FOCHATW OKAL.
Your hound bites Duvessa but does no damage.
Found a thin smoking staff.
Casting: Call Canine Familiar (quite dangerous; 4% risk of failure)
Confirm with . or Enter, or press ? or * to list all spells.
You don't know that spell.
Your hound bites the plant.
The plant begins to die.
Casting: Call Canine Familiar (quite dangerous; 4% risk of failure)
Confirm with . or Enter, or press ? or * to list all spells.
The spell is quite dangerous to cast (4% risk of failure)!
Continue anyway?
The adder bites you.
* * * LOW HITPOINT WARNING * * *
The adder closely misses you.
Casting: Call Canine Familiar (quite dangerous; 4% risk of failure)
Confirm with . or Enter, or press ? or * to list all spells.
A shadowy apparition takes form in the air.
Your hound closely misses the adder.
The adder bites you.
You die...

### ..# # #.#
#####5####..# #.#
#hS@|......S)$.##.##
#e###.####. #.ee.<.
#.## #### ####5##
###e.##..... ...#
#PPP.....P.. #####
#..h.?≈≈.P..
#..≈≈≈≈≈≈..P
#..≈≈≈≈≈≈≈≈P
#P≈≈≈≈≈e≈≈≈≈


You could see Duvessa, an adder, a friendly hound (summoned) and a friendly
shadow imp (summoned).

Vanquished Creatures
  Natasha (D:2)
  2 bats (D:3)
  A frilled lizard (D:3)
  3 kobolds
7 creatures vanquished.

Vanquished Creatures (collateral kills)
  Eustachio (D:3)
  An ogre (D:4)
  A hound (D:4)
  Jessica (D:2)
  Natasha (twice) (D:2)
  3 adders
  3 leopard geckos
  An orc (D:3)
  A bat (D:1)
  3 giant cockroaches
  8 goblins
  5 hobgoblins
  4 jackals (D:1)
  A quokka (D:3)
  3 frilled lizards (D:1)
  5 kobolds
  2 rats
45 creatures vanquished.

Vanquished Creatures (others)
  2 plants (D:4)
2 creatures vanquished.

Grand Total: 54 creatures vanquished

Notes
Turn   | Place    | Note
-------+----------+-------------------------------------------
     0 | D:1      | jlumianski the Felid Summoner began the quest for the Orb.
     0 | D:1      | Reached XP level 1. HP: 7/7 MP: 4/4
   437 | D:1      | Reached XP level 2. HP: 11/11 MP: 0/6
   440 | D:1      | Learned a level 2 spell: Call Imp
  1732 | D:2      | Noticed Natasha
  1739 | D:2      | Killed Natasha
  1740 | D:2      | Reached XP level 3. HP: 14/14 MP: 2/8
  1759 | D:2      | Found a sparkling altar of Nemelex Xobeh.
  1759 | D:2      | Noticed Jessica
  1772 | D:2      | Killed Jessica
  2068 | D:2      | Found a basalt altar of Yredelemnul.
  2068 | D:2      | Found an iron altar of Okawaru.
  2069 | D:2      | Found a sacrificial altar of Ru.
  2069 | D:2      | Found an ornate altar of the Wu Jian Council.
  2086 | D:2      | Found a shimmering altar of Xom.
  2086 | D:2      | Found a snail-covered altar of Cheibriados.
  2087 | D:2      | Found a shadowy altar of Dithmenos.
  2201 | D:2      | Noticed Natasha
  2216 | D:2      | Killed Natasha
  2490 | D:2      | Noticed Natasha
  2509 | D:2      | Killed Natasha
  2510 | D:2      | Reached XP level 4. HP: 12/18 MP: 1/9
  2514 | D:2      | Learned a level 3 spell: Call Canine Familiar
  3029 | D:3      | Reached skill level 5 in Summonings
  4236 | D:4      | Noticed an ogre
  4244 | D:4      | Noticed Dowan
  4247 | D:4      | Killed an ogre
  4248 | D:4      | Reached XP level 5. HP: 21/21 MP: 1/11
  4253 | D:4      | Noticed Duvessa
  4434 | D:4      | Noticed Eustachio
  4454 | D:3      | Killed from afar by a white imp
  4455 | D:3      | Reached XP level 4. HP: -1/18 MP: 4/10
  4481 | D:3      | Killed Eustachio
  4482 | D:3      | Reached XP level 5. HP: 21/21 MP: 11/11
  4531 | D:4      | HP: 1/21 [Duvessa/cursed -2 short sword (6)]
  4538 | D:4      | HP: 1/21 [adder (1)]
  4539 | D:4      | Slain by an adder

Illustrated notes

Levels and vault maps discovered:
D:1:      kilobyte_arrival_exit_the_forest, layout_basic, serial_park_tiny_2,
          minivault_19
D:2:      layout_basic, grunt_temple_overflow_open, roderic_nine_men_s_morris,
          nemelex_lonely_heart_becter, uniq_natasha
D:3:      layout_loops_corners, chequers_serial_rivers_room_a,
          kennysheep_generic_room_4
D:4:      layout_loops_cross, lemuel_crystal_altar,
          minmay_temple_entry_mini_moons, guppyfry_early_lair_pool,
          uniq_menkaure, uniq_crazy_yiuf_cottage, uniq_eustachio, uniq_duvessa

Skill      XL: |  1  2  3  4 |
---------------+-------------+-----
Spellcasting   | 3 |  3.6
Summonings     | 5 |  5.5
Stealth        | 4 |  4.0
Dodging        | |  2.8
Unarmed Combat | |  0.7

Action                   |  1- 3 |  4- 6 || total
-------------------------+-------+-------++-------
Melee: Unarmed           |    11 |     9 ||    20
 Cast: Summon Small Mamm |    55 |     7 ||    62
       Call Imp          |    25 |    29 ||    54
       Call Canine Famil |       |    10 ||    10
  Use: Potion            |     1 |     1 ||     2
       Scroll            |       |     1 ||     1
 Stab: Sleeping          |     2 |     4 ||     6
Armor: Skin              |       |     3 ||     3
Dodge: Dodged            |    19 |    12 ||    31
